 Dungeon Crawl Stone Soup version 0.28.0-53-g5a82cb258f (webtiles) character file.

Game seed: 15579271708700625828

123 H0rd4k the Charlatan (level 5, -1/38 HPs)
             Began as a Human Artificer on Aug 9, 2022.
             Succumbed to Terence's poison
             ... on level 2 of the Dungeon.
             The game lasted 00:02:04 (1950 turns).

H0rd4k the Charlatan (Human Artificer)              Turns: 1950, Time: 00:02:05

Health: -1/38      AC:  6    Str: 13    XL:     5   Next: 29%
Magic:  5/5        EV: 12    Int: 13    God:
Gold:   80         SH:  0    Dex: 13    Spells: 4/4 levels left

rFire   . . .      SeeInvis .   k - +2 dagger (venom)
rCold   . . .      Faith    .   (no shield)
rNeg    . . .      Spirit   .   b - +0 leather armour
rPois   .          Reflect  .   (no helmet)
rElec   .          Harm     .   l - +2 cloak
rCorr   .          Rampage  .   (no gloves)
Will    .....                   (no boots)
Stlth   +.........              (no amulet)
HPRegen 0.12/turn               (no ring)
MPRegen 0.09/turn               (no ring)

@: lethally poisoned (-1 -> -14), attractive
A: no striking features
a: no special abilities


You were on level 2 of the Dungeon.
You visited 1 branch of the dungeon, and saw 2 of its levels.

You collected 80 gold pieces.

Inventory:

Hand Weapons
 k - a +2 dagger of venom (weapon)
Missiles
 a - 2 poisoned darts
Armour
 b - a +0 leather armour (worn)
 l - a +2 cloak (worn)
Magical Staves
 i - a staff of cold
Wands
 c - a wand of flame (13) (quivered)
 d - a wand of charming (13)
Scrolls
 f - a scroll of fear {unknown}
 h - a scroll of torment {unknown}
 j - 2 scrolls of identify {unknown}
Miscellaneous
 e - a piece from Xom's chessboard (15/15)


   Skills:
 + Level 1.9 Fighting
 + Level 1.1 Short Blades
 + Level 2.3 Maces & Flails
 - Level 2.0 Armour
 + Level 2.1 Dodging
 - Level 1.0 Stealth
 + Level 3.7 Evocations


You had 4 spell levels left.
You didn't know any spells.
Your spell library contained the following spells:

 Spells                   Type           Power      Damage    Failure   Level
 Conjure Flame            Conj/Fire      0%         6-21      75%         3
 Ignite Poison            Fire/Tmut/Pois 0%         N/A       75%         3
 Sticky Flame             Conj/Fire      0%         2d3       98%         4


Dungeon Overview and Level Annotations

Branches:
Dungeon (2/15)

Altars:

Annotations:
D:1 exclusion: downstairs
D:2 Terence


Message History

You closely miss the adder.
The adder is almost dead.
The adder bites you but does no damage.
You hit the adder.
You kill the adder!
Found a falchion.
The ball python hisses angrily.
There are monsters nearby!
There are monsters nearby!
Terence shouts!
You hit Terence but do no damage. Terence closely misses you.
You hit Terence but do no damage.
Terence is poisoned.
Terence closely misses you.
You hit Terence but do no damage.
Terence looks as sick as possible!
Terence hits you but does no damage.
You are poisoned.
You hit Terence.
Terence looks as sick as possible!
Terence is lightly wounded.
You feel sick.
Terence hits you with a +1 mace of venom.
You are more poisoned.
You feel very sick.
You see here an adder corpse.
You feel very sick.
You feel sick.
Terence hits you with a +1 mace of venom.
You are lethally poisoned!
You feel very sick.
* * * LOW HITPOINT WARNING * * *
You feel very sick.
It was a potion of attraction.
You feel attractive to monsters.
* * * LOW HITPOINT WARNING * * *
You feel very sick. Terence shouts, "Now you die!"
Terence hits you but does no damage.
You are more poisoned.
* * * LOW HITPOINT WARNING * * *
You feel very sick.
You die...

##########
#..S@.@..#
#†######.#
#.# #.# ####
#.#
#.###########
... #.#
#.##........#
##.###.#
#.##.######.#
####...##.#
#.##.# #.#
###.....@...#
#....# #.#
#........####
###### #.#


You could see Terence (very poisoned) and a ball python.

Vanquished Creatures
  Natasha (twice) (D:2)
  3 adders (D:2)
  A dart slug (D:2)
  4 ball pythons
  3 endoplasms
  4 giant cockroaches (D:1)
  3 goblins (D:1)
  6 hobgoblins
  4 kobolds
  3 quokkas
  6 bats
  3 frilled lizards (D:1)
  2 rats (D:1)
44 creatures vanquished.

Vanquished Creatures (others)
  An endoplasm (D:2)
1 creature vanquished.

Grand Total: 45 creatures vanquished

Notes
Turn   | Place    | Note
-------+----------+-------------------------------------------
     0 | D:1      | H0rd4k the Human Artificer began the quest for the Orb.
     0 | D:1      | Reached XP level 1. HP: 15/15 MP: 1/1
   464 | D:1      | Reached XP level 2. HP: 17/21 MP: 2/2
   861 | D:1      | Reached XP level 3. HP: 23/26 MP: 3/3
  1026 | D:1      | Reached skill level 1 in Maces & Flails
  1354 | D:2      | Noticed Natasha
  1363 | D:2      | Reached XP level 4. HP: 18/32 MP: 4/4
  1370 | D:2      | Killed Natasha
  1390 | D:2      | Noticed Terence
  1749 | D:2      | Noticed Natasha
  1754 | D:2      | Killed Natasha
  1755 | D:2      | Reached XP level 5. HP: 28/38 MP: 5/5
  1891 | D:2      | Reached skill level 1 in Short Blades
  1950 | D:2      | Succumbed to Terence's poison

Illustrated notes

Levels and vault maps discovered:
D:1:      moated_graveyard_arrival, layout_loops_cross, st_stairs_14
D:2:      layout_loops_ring, uniq_natasha, uniq_jessica, uniq_terence

Skill      XL: |  1  2  3  4  5 |
---------------+----------------+-----
Maces & Flails | 1 2 |  2.3
Dodging        | 2 |  2.1
Short Blades   | 1 |  1.1
Fighting       | |  1.9
Armour         | |  2.0
Stealth        | |  1.0
Evocations     | |  3.7

Action                   |  1- 3 |  4- 6 || total
-------------------------+-------+-------++-------
Melee: Club              |    74 |       ||    74
       Punch             |     1 |       ||     1
       Dagger            |    32 |    44 ||    76
Evoke: Wand              |     2 |     2 ||     4
  Use: Potion            |       |     2 ||     2
 Stab: Sleeping          |     2 |       ||     2
       Distracted        |     1 |       ||     1
Armor: Leather armour    |    30 |    22 ||    52
Dodge: Dodged            |    72 |    33 ||   105
